 Dungeon Crawl Stone Soup version 0.19.0 (webtiles) character file.

2995 Eucla the Demolition Human (level 10, -4/79 HPs)
             Began as a Human Monk on Nov 19, 2016.
             Was an Elder of Makhleb.
             Slain by a two-headed ogre
             ... wielding a +0 giant spiked club
              (14 damage)
             ... on level 8 of the Dungeon.
             The game lasted 00:10:53 (8429 turns).

Eucla the Demolition Human (Human Monk)             Turns: 8429, Time: 00:10:54

Health: -4/79      AC: 11    Str: 14    XL:     10   Next: 9%
Magic:  17/17      EV: 10    Int:  8    God:    Makhleb [****..]
Gold:   0          SH:  0    Dex: 17    Spells: 0 memorised, 9 levels left

rFire  . . .     SeeInvis .     y - +1 falchion (elec)
rCold  + + .     Gourm    .     i - +0 ice dragon scales
rNeg   . . .     Faith    .     (no shield)
rPois  .         Spirit   .     (no helmet)
rElec  .         Reflect  .     (no cloak)
rCorr  .         Harm     +     q - +0 pair of gloves
MR     .....                    f - +0 pair of boots
Stlth  ..........               k - amulet of harm
                                (no ring)
                                (no ring)

@: drained
A: fangs 1, talons 1, dopey 1, fire resistance 1
a: Minor Destruction, Lesser Servant of Makhleb, Major Destruction, Renounce
Religion


You were on level 8 of the Dungeon.
You worshipped Makhleb.
Makhleb was greatly pleased with you.
You were not hungry.

You visited 1 branch of the dungeon, and saw 8 of its levels.
You also visited: Sewer.

You collected 220 gold pieces.
You spent 220 gold pieces at shops.

Inventory:

Hand Weapons
 a - a +1 falchion
 y - a +1 falchion of electrocution (weapon)
 C - a cursed -3 long sword
Armour
 f - a +0 pair of boots (worn)
 i - +0 ice dragon scales (worn)
 q - a +0 pair of gloves (worn)
Jewellery
 d - an uncursed ring of teleportation
 k - an amulet of harm (around neck)
Wands
 m - a wand of acid (8/15)
 z - a wand of acid (10/15)
 B - a wand of paralysis (15/24)
 D - a wand of slowing (37/48)
Scrolls
 g - 4 scrolls of fog
 h - 5 scrolls of teleportation
 r - 6 scrolls of remove curse
 s - 2 scrolls of fear
 t - a scroll of immolation {unknown}
 v - a scroll of silence
 w - 3 scrolls of identify
 x - a scroll of enchant weapon
Potions
 b - a potion of degeneration {unknown}
 e - 3 potions of curing
 j - 2 potions of magic
 l - 2 potions of resistance
 n - 2 potions of flight
 o - a potion of brilliance
 A - a potion of berserk rage
Comestibles
 c - 2 bread rations
 p - a royal jelly


   Skills:
 + Level 7.5(6.9) Fighting
 + Level 7.4(6.8) Long Blades
 - Level 3.6(3.1) Dodging
 - Level 2.0(1.5) Stealth
 * Level 9.7(9.1) Invocations


You had 9 spell levels left.
You didn't know any spells.

Dungeon Overview and Level Annotations

Branches:
Dungeon (8/15)             Temple (0/1) D:6
   Lair: D:8-11

Altars:
Cheibriados
Dithmenos
Elyvilon
Fedhas
Kikubaaqudgha
Makhleb
Sif Muna
Xom
Zin

Shops:
D:6 ?   D:8 *

Annotations:
D:6 1 runed door
D:8 Maurice


Innate Abilities, Weirdness & Mutations

You have very sharp teeth.
You have sharp toenails.
You are dopey. (Int -2)
Your flesh is heat resistant. (rF+)


Message History

No target in view!
No target in view!
Unknown command.
No target in view!
No target in view!
Unknown command.
You miss something. Something hits you.
Something groans, "What are you, a monk?"
You hear some strange, mumbled words.
Unknown command.
The two-headed ogre hits you with a giant spiked club!!
* * * LOW HITPOINT WARNING * * *
The two-headed ogre hits you with a giant club!
* * * LOW HITPOINT WARNING * * *
Found a stone staircase leading up.
The two-headed ogre closely misses you.
You riposte.
You slash the two-headed ogre!
There is a sudden explosion of sparks!
The two-headed ogre is severely wounded.
The two-headed ogre hits you with a giant club!
You die...

### #### ..# ## #...
# #.##ยง#########...
#.##.#...........)..
#<.@O...# ######)#.
####.############)##
#.)............#
################


You could see a two-headed ogre.

Vanquished Creatures
  The ghost of Eucla the Carver, a novice OpGl of Fedhas (D:7)
  A hornet zombie (D:8)
  2 sky beasts (D:6)
  An eye of draining (D:8)
  2 ogres
  A necrophage (D:6)
  4 phantoms
  3 centaurs
  A crocodile (Sewer)
  A big kobold (D:8)
  A bullfrog (D:4)
  A water moccasin zombie (D:6)
  A howler monkey (D:4)
  3 crimson imps
  A centaur zombie (D:5)
  A bullfrog zombie (D:8)
  4 hounds
  3 jellies
  A bullfrog skeleton (D:5)
  4 orc priests
  3 orc wizards
  An iguana (D:6)
  4 worker ants
  A hound zombie (D:6)
  A hound skeleton (D:7)
  A howler monkey zombie (D:8)
  7 gnolls
  7 adders
  A river rat (D:6)
  A shadow imp (D:5)
  An ooze (D:1)
  A worm (D:4)
  2 dart slugs (D:2)
  3 leopard geckos
  21 orcs
  2 ball pythons
  10 bats
  8 giant cockroaches
  5 goblins
  8 hobgoblins
  6 jackals
  10 kobolds
  2 quokkas
  4 frilled lizards
  A leopard gecko skeleton (D:5)
  8 rats
156 creatures vanquished.

Vanquished Creatures (collateral kills)
  5 wights (D:6)
  A leopard gecko (D:6)
6 creatures vanquished.

Grand Total: 162 creatures vanquished

Notes
Turn   | Place    | Note
-------+----------+-------------------------------------------
     0 | D:1      | Eucla the Human Monk began the quest for the Orb.
     0 | D:1      | Reached XP level 1. HP: 18/18 MP: 1/1
    71 | D:1      | Reached XP level 2. HP: 20/24 MP: 2/2
   780 | D:1      | Reached XP level 3. HP: 27/29 MP: 3/3
   850 | D:2      | Found a snail-covered altar of Cheibriados.
  1036 | D:2      | Found a white marble altar of Elyvilon.
  1298 | D:2      | Reached XP level 4. HP: 23/37 MP: 4/4
  1336 | D:2      | Found a burning altar of Makhleb.
  1365 | D:2      | Became a worshipper of Makhleb the Destroyer
  1365 | D:2      | Reached * piety under Makhleb
  1365 | D:2      | Reached ** piety under Makhleb
  1715 | D:2      | Reached XP level 5. HP: 42/42 MP: 5/5
  1733 | D:2      | Reached skill level 1 in Invocations
  2587 | D:3      | Reached skill level 2 in Invocations
  2604 | D:3      | Reached XP level 6. HP: 42/48 MP: 7/7
  2698 | D:3      | Found a shadowy altar of Dithmenos.
  3532 | D:4      | Reached skill level 3 in Invocations
  3695 | D:4      | Noticed an ogre
  3709 | D:4      | Killed an ogre
  4058 | D:4      | Reached skill level 4 in Invocations
  4058 | D:4      | Reached XP level 7. HP: 55/55 MP: 8/10
  4200 | D:4      | Found a deep blue altar of Sif Muna.
  4508 | D:5      | Entered Level 5 of the Dungeon
  4688 | D:5      | Reached skill level 5 in Long Blades
  4817 | D:5      | Found an ancient bone altar of Kikubaaqudgha.
  4822 | D:5      | Reached *** piety under Makhleb
  4822 | D:5      | Reached skill level 5 in Fighting
  4822 | D:5      | Reached skill level 5 in Invocations
  4926 | D:5      | Reached XP level 8. HP: 62/62 MP: 10/12
  5254 | D:6      | Found a staircase to the Ecumenical Temple.
  5330 | D:6      | Reached skill level 6 in Invocations
  5337 | D:6      | Gained mutation: Your natural rate of healing is unusually fast. [mutagenic meat]
  5338 | D:6      | Gained mutation: Your magical capacity is low. (-10% MP) [mutagenic meat]
  5339 | D:6      | Gained mutation: Your body sometimes deteriorates upon taking damage. [mutagenic meat]
  5340 | D:6      | Gained mutation: You are frail. (-10% HP) [mutagenic meat]
  5341 | D:6      | Gained mutation: You have large cloven feet. [mutagenic meat]
  5342 | D:6      | Gained mutation: You have very sharp teeth. [mutagenic meat]
  5342 | D:6      | Lost mutation: Your magical capacity is low. (-10% MP) [potion of cure mutation]
  5342 | D:6      | Lost mutation: Your body sometimes deteriorates upon taking damage. [potion of cure mutation]
  5342 | D:6      | Lost mutation: You have large cloven feet. [potion of cure mutation]
  5342 | D:6      | Lost mutation: You are frail. (-10% HP) [potion of cure mutation]
  5342 | D:6      | Lost mutation: Your natural rate of healing is unusually fast. [potion of cure mutation]
  5575 | D:6      | Found a runed door.
  5575 | D:6      | Found a glowing silver altar of Zin.
  5576 | D:6      | Noticed an angel
  5647 | D:6      | Found Oclysih's Magic Scroll Shoppe.
  5655 | D:6      | Bought a scroll of enchant armour for 97 gold pieces
  5655 | D:6      | Bought a scroll of silence for 97 gold pieces
  5655 | D:6      | Bought a scroll of identify for 26 gold pieces
  5697 | D:6      | Found a glowing drain.
  5725 | Sewer    | Entered a sewer
  5793 | Sewer    | Reached skill level 7 in Invocations
  6079 | D:6      | Reached XP level 9. HP: 69/69 MP: 14/14
  6393 | D:6      | Reached skill level 8 in Invocations
  6827 | D:7      | Noticed Eucla's ghost (novice OpGl)
  6831 | D:7      | Gained mutation: You are dopey. (Int -2) [potion of mutation]
  6831 | D:7      | Gained mutation: Your flesh is heat resistant. (rF+) [potion of mutation]
  6831 | D:7      | Gained mutation: You have sharp toenails. [potion of mutation]
  6844 | D:7      | Killed Eucla's ghost
  7033 | D:7      | Found a shimmering altar of Xom.
  7103 | D:7      | Found a blossoming altar of Fedhas.
  7795 | D:8      | Noticed Maurice
  8059 | D:8      | Reached skill level 9 in Invocations
  8068 | D:8      | Found Ceus Ped's Demolitions Depot.
  8203 | D:8      | Reached **** piety under Makhleb
  8215 | D:8      | Reached XP level 10. HP: 64/79 MP: 17/17
  8429 | D:8      | Slain by a two-headed ogre

Skill      XL: |  1  2  3  4  5  6  7  8  9 |
---------------+----------------------------+-----
Fighting       | 4 5 6 7 |  7.5
Invocations    | 2 4 5 7 9 |  9.7
Long Blades    | 4 5 6 7 |  7.4
Dodging        | |  3.6
Stealth        | |  2.0

Action                   |  1- 3 |  4- 6 |  7- 9 | 10-12 || total
-------------------------+-------+-------+-------+-------++-------
Melee: Falchion          |    84 |   225 |   439 |    38 ||   786
       Bite              |       |       |    43 |     6 ||    49
Invok: Minor Destruction |       |     1 |     2 |       ||     3
       Lesser Servant of |       |       |     2 |       ||     2
  Use: Scroll            |     5 |       |    14 |       ||    19
       Potion            |       |       |     7 |       ||     7
 Stab: Sleeping          |     1 |       |       |       ||     1
  Eat: Chunk             |     1 |     1 |     7 |       ||     9
       Bread ration      |       |     2 |     2 |       ||     4
       Meat ration       |       |       |     1 |       ||     1
Armor: Ice dragon scales |    50 |   120 |   309 |    11 ||   490
       Robe              |     4 |       |       |       ||     4
Dodge: Dodged            |    48 |   126 |   223 |    12 ||   409
       Rpst.: Falchion   |    17 |    48 |    73 |     4 ||   142
